 Dungeon Crawl Stone Soup version 0.19-a0-1223-gf83d13a (webtiles) character file.

5 magipi the Slasher (level 1, 0/12 HPs)
             Began as a Gargoyle Gladiator on Aug 24, 2016.
             Slain by a giant gecko (3 damage)
             ... on level 1 of the Dungeon.
             The game lasted 00:00:28 (24 turns).

magipi the Slasher (Gargoyle Gladiator)               Turns: 24, Time: 00:00:28

Health: 0/12       AC:  6    Str: 18    XL:     1   Next: 80%
Magic:  1/1        EV: 12    Int:  8    God:
Gold:   0          SH:  0    Dex: 10    Spells: 0 memorised, 0 levels left

rFire  . . .     SeeInvis .     a - +0 long sword
rCold  . . .     Gourm    .     b - +0 leather armour
rNeg   + . .     Faith    .     (no shield)
rPois  ∞         Spirit   .     c - +0 helmet
rElec  +         Dismiss  .     (no cloak)
rCorr  .         Reflect  .     (no gloves)
MR     .....     Harm     .     (no boots)
Stlth  +.........               (no amulet)
                                (no ring)
                                (no ring)

@: no status effects
A: negative energy resistance 1, electricity resistance, unbreathing,
petrification resistance, rot immunity, AC +2
a: no special abilities


You were on level 1 of the Dungeon.
You were not hungry.

You visited 1 branch of the dungeon, and saw 1 of its levels.

Notes
Turn   | Place    | Note
-------+----------+-------------------------------------------
     0 | D:1      | magipi the Gargoyle Gladiator began the quest for the Orb.
     0 | D:1      | Reached XP level 1. HP: 12/12 MP: 1/1
    14 | D:1      | Reached skill level 3 in Long Blades
    24 | D:1      | Slain by a giant gecko

Inventory:

Hand Weapons
 a - a +0 long sword (weapon)
Missiles
 d - 3 throwing nets (quivered)
Armour
 b - a +0 leather armour (worn)
 c - a +0 helmet (worn)
Comestibles
 f - a bread ration


   Skills:
 - Level 2.1 Fighting
 * Level 3.0 Long Blades
 + Level 1.8 Throwing
 - Level 2.4 Dodging


You couldn't memorise any spells.
You didn't know any spells.

Dungeon Overview and Level Annotations

Branches:
Dungeon (1/15)

Altars:


Innate Abilities, Weirdness & Mutations

You are resistant to torment.
Your stone body is resilient. (AC +2)
You are immune to poison.
You resist negative energy. (rN+)
You are resistant to electric shocks. (rElec)
You can survive without breathing.
You are immune to petrification.
You are immune to rotting.

Vault maps used:
D:1:      lightli_arrival_chessboard


Message History

Welcome, magipi the Gargoyle Gladiator.
Will you be the one to retrieve the fabulous Orb of Zot from the depths?
Press ? for a list of commands and other information.
Found a dark potion.
Found a staircase leading out of the dungeon.
A giant gecko and a bat come into view.
The giant gecko hisses angrily. 3 jackals come into view.
The jackal barks! x2
The jackal moves out of view.
Found a scroll labeled YGOUXU WULACK.
A hobgoblin and a kobold come into view.
Your leather armour prevents you from hitting the bat.
The hobgoblin shouts!
The kobold shouts!
The jackal barks!
The bat barely misses you.
Unknown command.
A hobgoblin comes into view.
The hobgoblin shouts!
The bat hits you but does no damage.
There is a staircase leading out of the dungeon here.
A giant cockroach comes into view.
The bat misses you. The bat misses you.
Unknown command.
The bat barely misses you.
Unknown command.
You closely miss the bat. The bat closely misses you.
You riposte.
You miss the bat. The jackal barely misses you.
You riposte.
You completely miss the jackal.
Unknown command.
You closely miss the jackal.
The jackal bites you but does no damage.
Unknown command.
You closely miss the jackal. The jackal completely misses you.
You riposte.
You slash the jackal!
You kill the jackal!
Unknown command.
The bat hits you but does no damage. x2
You barely miss the bat. The bat hits you. The bat hits you but does no damage.
You slash the bat!
You kill the bat!
You hit the giant cockroach.
The giant cockroach is moderately wounded.
The giant cockroach misses you.
You riposte.
You hit the giant cockroach.
You kill the giant cockroach!
Your Long Blades skill increases to level 3!
The hobgoblin closely misses you.
You hit the hobgoblin but do no damage. The hobgoblin hits you.
You hit the hobgoblin.
The hobgoblin is severely wounded.
The hobgoblin hits you but does no damage.
Your leather armour prevents you from hitting the hobgoblin.
The hobgoblin is severely wounded.
The hobgoblin hits you.
You barely miss the hobgoblin.
The hobgoblin is severely wounded.
The hobgoblin hits you. The hobgoblin misses you.
You riposte.
You closely miss the hobgoblin.
The hobgoblin is severely wounded.
Unknown command.
You closely miss the hobgoblin.
The hobgoblin is severely wounded.
The hobgoblin barely misses you.
You riposte.
You closely miss the hobgoblin.
The hobgoblin is severely wounded.
You hit the hobgoblin.
You kill the hobgoblin!
The giant gecko barely misses you.
You hit the giant gecko.
The giant gecko is almost dead.
The giant gecko bites you but does no damage.
The giant gecko hisses menacingly.
The giant gecko closely misses you.
You riposte.
You barely miss the giant gecko.
The giant gecko is almost dead.
You barely miss the giant gecko.
The giant gecko is almost dead.
The giant gecko bites you.
* * * LOW HITPOINT WARNING * * *
You completely miss the giant gecko.
The giant gecko is almost dead.
The giant gecko bites you.
You die...

... #...h
.....
....##...h
...
....#.#.#h#.#
...#g#.#.#
.s#.#h#.#
##.#K#.#b.
#.#h#.#.#...
##l#.#.#....#
#@#.#.#.#...#
##.#.#.#...##
##......##
######


You could see a giant gecko, 2 jackals and a kobold.

Vanquished Creatures
  A bat (D:1)
  A giant cockroach (D:1)
  A hobgoblin (D:1)
  A jackal (D:1)
4 creatures vanquished.

Action                   || total
-------------------------++-------
Melee: Long sword        ||    23
Armor: Leather armour    ||     7
Dodge: Dodged            ||    13

Action                   || total
-------------------------++-------
Melee: Long sword        ||    23
Armor: Leather armour    ||     7
Dodge: Dodged            ||    13
